General information
			
			
        
        - name: SkyCity
 
        - type: Ladder 1vs1/FFA
 
        - host: Iceberg-Slim
 
        - saver: BEAR_AND
 
        
map: aps\doodad\Doodads SV 1.06 
        - players: 8
 
        - length: 13:56
 
        - speed: Fast
 - version: 1.22 W3XP
 - replay type:  

 
» download(71 KB)
Players
        team 1 (loser) 
              
              
Mata. (
green | 146 APM | 2035 actions | 13:55)
              
 2 Demon Hunter 
 1 Mana Burn
 1 Evasion
 2 Naga Sea Witch 
 1 Frost Arrows
 1 Forked Lightning
 1 Pandaren Brewmaster 
 1 Breath of Fire
 
                » actions 
                
                | Assign group hotkey | 74 |  | 
| Build / train | 51 |  | 
| Enter build submenu | 15 |  | 
| Enter hero's abilities submenu | 5 |  | 
| Remove unit from queue | 6 |  | 
| Right click | 1202 |  | 
| Select / deselect | 512 |  | 
| Select group hotkey | 88 |  | 
| Use ability | 82 |  | 
                2035 total
 » units 
                » upgrades
                
                | Druid of the Claw Training | 1 |  | 
                1 total
 » buildings
                
                | Altar of Elders | 1 |  | 
| Moon Well | 8 |  | 
| Ancient of War | 1 |  | 
| Tree of Ages | 3 |  | 
| Hunter's Hall | 1 |  | 
| Ancient of Lore | 2 |  | 
| Tree of Eternity | 1 |  | 
                17 total
 » build order
                00:09 Altar of Elders
00:21 Moon Well
00:50 Ancient of War
01:35 Moon Well
03:09 Tree of Ages
03:09 Tree of Ages
03:45 Hunter's Hall
04:19 Moon Well
05:35 Ancient of Lore
06:13 Moon Well
07:10 Moon Well
09:12 Tree of Eternity
10:24 Moon Well
11:46 Moon Well
12:22 Moon Well
13:24 Ancient of Lore
 
               team 2 (winner) 
              
              
TIMG4STRok (
gray | 153 APM | 2127 actions | 13:55)
              
 4 Demon Hunter 
 2 Mana Burn
 2 Evasion
 3 Pandaren Brewmaster 
 1 Breath of Fire
 2 Drunken Brawler
 
                » actions 
                
                | Assign group hotkey | 35 |  | 
| Basic commands | 18 |  | 
| Build / train | 42 |  | 
| Enter build submenu | 13 |  | 
| Enter hero's abilities submenu | 7 |  | 
| Right click | 1230 |  | 
| Select / deselect | 208 |  | 
| Select group hotkey | 526 |  | 
| Use ability | 48 |  | 
                2127 total
 » units 
                
                | Wisp | 12 |  | 
| Archer | 8 |  | 
| Dryad | 6 |  | 
| Druid of the Claw | 2 |  | 
                28 total
 » upgrades
                
                | Druid of the Claw Training | 2 |  | 
| Abolish Magic | 1 |  | 
                3 total
 » buildings
                
                | Altar of Elders | 1 |  | 
| Moon Well | 6 |  | 
| Ancient of War | 2 |  | 
| Tree of Ages | 1 |  | 
| Hunter's Hall | 1 |  | 
| Ancient of Lore | 2 |  | 
| Tree of Eternity | 1 |  | 
| Ancient of Wonders | 1 |  | 
                15 total
 » build order
                00:09 Altar of Elders
00:21 Moon Well
00:44 Ancient of War
01:45 Ancient of War
02:09 Moon Well
02:26 Moon Well
03:50 Tree of Ages
04:00 Hunter's Hall
05:25 Moon Well
06:18 Ancient of Lore
06:19 Ancient of Lore
09:43 Tree of Eternity
11:46 Moon Well
13:01 Ancient of Wonders
13:18 Moon Well
 
               observersIceberg-Slim, 
bLinn, 
iggy_the_fisk, 
BEAR_AND, 
sc2no_wc4yes, 
snarker Chat log
          (00:12 / All) TIMG4STRok: oh yeah
(00:13 / All) TIMG4STRok: you know it
(00:15 / All) TIMG4STRok: its coming
(00:23 / Observers) sc2no_wc4yes: are the units normal in this map?
(00:30 / All) TIMG4STRok: "where i come from you wont need custom keys"
(00:31 / All) Mata.: ¨gl hf
(00:33 / All) Mata.: my custmo keys
(00:33 / Observers) snarker: of course
(00:35 / All) TIMG4STRok: "where is that new york"
(00:37 / All) Mata.: that's my scusecraft
(00:39 / Observers) Iceberg-Slim: everything is the same
(00:41 / All) TIMG4STRok: nah bitch AOW RUSH VILLE
(00:59 / Observers) sc2no_wc4yes: grey has nary a chance
(01:58 / Observers) sc2no_wc4yes: OWNED
(02:06 / Observers) Iceberg-Slim: 2 wisps dead
(02:11 / Observers) sc2no_wc4yes: that pays for an aow
(02:13 / Observers) Iceberg-Slim: almost recouped cost of AoW lmao
(02:38 / Observers) Iceberg-Slim: guy is playing lumber lord
(02:40 / Observers) sc2no_wc4yes: if he can take down enough trees, green will have no lumber
(02:54 / Observers) iggy_the_fisk: enough being ~75
(03:00 / Observers) Iceberg-Slim: DAMN
(03:02 / Observers) sc2no_wc4yes: brilliant
(03:04 / Observers) snarker: WHOA
(03:40 / Observers) BEAR_AND: highper.ch ain't being disabled friendly
(03:44 / Observers) iggy_the_fisk: no he isn't
(03:45 / Observers) iggy_the_fisk: too bad
(03:50 / Observers) BEAR_AND: we should provide a song transcription for deaf people like sc2no
(03:52 / Observers) iggy_the_fisk: timg decided not to macro
(03:53 / Observers) Iceberg-Slim: he should be
(03:54 / Observers) Iceberg-Slim: yeah
(04:00 / Observers) iggy_the_fisk: kind of threw away his advantage
(04:43 / Observers) sc2no_wc4yes: pro micro
(04:46 / Observers) Iceberg-Slim: wham bam thank you maam
(05:14 / Observers) Iceberg-Slim: Oeconomy
(05:33 / Observers) BEAR_AND: archers also take more from hunts & hunts splash & have more hp
(05:39 / Observers) BEAR_AND: so invalid argue
(05:50 / Observers) iggy_the_fisk: larmo
(05:52 / Observers) BEAR_AND: third dh die
(06:09 / Observers) Iceberg-Slim: moon juice status: used
(06:20 / Observers) BEAR_AND: wrathbringers tatus
(06:20 / Observers) Iceberg-Slim: kodos made this game: 0
(06:21 / Observers) BEAR_AND: abused
(06:42 / Observers) Iceberg-Slim: those archers are toasted shit
(06:59 / Observers) Iceberg-Slim: yeah
(07:00 / Observers) BEAR_AND: he say
(07:03 / Observers) Iceberg-Slim: he has this to say
(07:04 / Observers) BEAR_AND: "im dead yowch"
(07:05 / Observers) Iceberg-Slim: WAHGAHSHAAAAA
(07:25 / Observers) Iceberg-Slim: man this game is reversal of fortune.doc
(07:31 / Observers) BEAR_AND: what is that from
(07:38 / Observers) BEAR_AND: hey here's gobliner
(07:40 / Observers) Iceberg-Slim: idk i write fan fics about failed aow push
(08:09 / Observers) BEAR_AND: deny?????
(08:12 / Observers) iggy_the_fisk: reversal
(08:13 / Observers) Iceberg-Slim: naga status: returned to the ocean
(08:14 / Observers) iggy_the_fisk: of fortune?
(08:15 / Observers) BEAR_AND: was that a anaga deny
(08:26 / Observers) Iceberg-Slim: Water Way To Go
(08:36 / Observers) iggy_the_fisk: mata stuck
(08:37 / Observers) sc2no_wc4yes: the liches are trapped
(08:49 / Observers) BEAR_AND: i like how singcasts have this secondary little competition to do a rhyme good enough for blinn
(09:00 / Observers) Iceberg-Slim: Huntress Status: decaying
(09:09 / Observers) BEAR_AND: game stats: good playing
(09:13 / Observers) Iceberg-Slim: Dryad Status: screaming to the moon goddess
(09:23 / Observers) Iceberg-Slim: Panda Status: Cute ^^
(09:34 / Observers) Iceberg-Slim: DH Status: Danger
(09:45 / Observers) BEAR_AND: look at this weird kind of tp 
(09:47 / Observers) BEAR_AND: some kind of space tp
(09:48 / Observers) Iceberg-Slim: Scroll of Town Portal Status: Read
(09:53 / Observers) snarker: man
(09:56 / Observers) snarker: not a single creep
(10:11 / Observers) Iceberg-Slim: Demon hunter status: Hunter has become the Hunted
(10:12 / Observers) BEAR_AND: a zow
(10:29 / Observers) BEAR_AND: go up to the sky, to elfs heaven
(10:31 / Observers) Iceberg-Slim: Naga Sea Witch Status: Inquisitioned
(10:34 / Observers) iggy_the_fisk: make another lore somewhere
(10:35 / Observers) iggy_the_fisk: anywhere
(10:56 / Observers) BEAR_AND: NICE BOf
(11:18 / Observers) BEAR_AND: both heroes adying
(11:20 / Observers) BEAR_AND: no obs are crying
(12:00 / Observers) BEAR_AND: the Two Unit Roar
(12:12 / Observers) Iceberg-Slim: The big T.U.R.
(12:22 / Observers) BEAR_AND: manner burn
(12:24 / All) TIMG4STRok: fucK
(12:34 / Observers) BEAR_AND: dispel rejuv noob
(12:49 / Observers) Iceberg-Slim: Bear Status: Eating trash in the afterlife
(13:02 / Observers) BEAR_AND: HOLY COW
(13:06 / Observers) Iceberg-Slim: THE DOUBLE STUFF
(13:07 / Observers) BEAR_AND: dead dh
(13:21 / Observers) BEAR_AND: wiw when did iceberg change names
(13:23 / Observers) BEAR_AND: blowing my mind
(13:25 / Observers) BEAR_AND: mid game????
(13:33 / Observers) iggy_the_fisk: pwaned
(13:38 / Observers) Iceberg-Slim: jedi mind trick
(13:53 / All) Mata.: gg